 Dungeon Crawl Stone Soup version 0.28.0 (webtiles) character file.

Game seed: 16842673303388777607

203 ProzacElf the Covered (level 5, 0/41 HPs)
             Began as a Demonspawn Fighter on Feb 17, 2022.
             Was an Initiate of Gozag.
             Slain by an ogre (28 damage)
             ... on level 4 of the Dungeon.
             The game lasted 00:07:08 (2705 turns).

ProzacElf the Covered (Demonspawn Fighter)          Turns: 2705, Time: 00:07:09

Health: 0/41       AC: 17    Str: 18    XL:     5   Next: 51%
Magic:  5/5        EV:  5    Int: 10    God:    Gozag
Gold:   343        SH: 12    Dex: 12    Spells: 4/4 levels left

rFire   . . .      SeeInvis .   a - +0 long sword
rCold   . . .      Faith    .   c - +0 buckler
rNeg    . . .      Spirit   .   k - +0 plate armour
rPois   .          Reflect  .   (no helmet)
rElec   .          Harm     .   (no cloak)
rCorr   .          Rampage  .   r - +0 pair of gloves
Will    .....                   (no boots)
Stlth   ..........              j - amulet of the acrobat
HPRegen 0.13/turn               (no ring)
MPRegen 0.18/turn               (no ring)

@: no status effects
A: large bone plates 1, icemail 1, magic regeneration, condensation shield
a: Renounce Religion, Potion Petition, Call Merchant, Bribe Branch


You were on level 4 of the Dungeon.
You worshipped Gozag.
Gozag was aware of your devotion.
You visited 1 branch of the dungeon, and saw 4 of its levels.

You collected 468 gold pieces.
You spent 125 gold pieces at shops.

Inventory:

Hand Weapons
 a - a +0 long sword (weapon)
Missiles
 h - 68 stones (quivered)
 n - 34 bolts
Armour
 c - a +0 buckler (worn)
 k - a +0 plate armour (worn)
 r - a +0 pair of gloves (worn)
Jewellery
 j - an amulet of the acrobat (around neck)
Scrolls
 b - a scroll of magic mapping {unknown}
 e - 3 scrolls of teleportation
 f - a scroll of noise {unknown}
 g - 2 scrolls of enchant armour
 i - a scroll of acquirement {unknown}
 l - 2 scrolls of identify
 o - a scroll of blinking {unknown}
Potions
 d - a potion of might
 m - 2 potions of heal wounds {unknown}
 p - a potion of haste {unknown}
 s - a potion of brilliance {unknown}
 t - a potion of ambrosia {unknown}


   Skills:
 - Level 3.0 Fighting
 + Level 3.9 Long Blades
 + Level 4.4 Armour
 - Level 2.6 Shields


You had 4 spell levels left.
You didn't know any spells.
Your spell library contained the following spells:

 Spells                   Type           Power      Damage    Failure   Level
 Ignite Poison            Fire/Tmut/Pois 0%         N/A       100%        3
 Mephitic Cloud           Conj/Pois/Air  0%         N/A       100%        3
 Freezing Cloud           Conj/Ice/Air   0%         6-21      100%        5


Dungeon Overview and Level Annotations

Branches:
Dungeon (4/15)
 Temple: D:4-7

Altars:
Cheibriados
Gozag
Nemelex Xobeh
The Shining One

Shops:
D:2 (=[?=


Innate Abilities, Weirdness & Mutations

You are partially covered in large bone plates. (SH +4)
A meltable icy envelope protects you from harm. (AC +4)
You regenerate magic rapidly.
A meltable shield of frost defends you. (SH +4)


Message History

Found a huntin' slin'.
t - a brown potion An ogre comes inta view.
It be wieldin' a +0 giant club.
Tha ogre shouts!
Throw: 5 darts (poison)
Press: ? - help, Q - select action, (/) - cycle Shift-Dir - straight line, f - ogre
Aim: an ogre, wieldin' a +0 giant club (73% ta hit) Ye throw a poison'd dart.
Tha poison'd dart hits tha ogre.
Tha ogre be poison'd.
Throw: 4 darts (poison)
Press: ? - help, Q - select action, (/) - cycle Shift-Dir - straight line, f/p - ogre
Aim: an ogre, wieldin' a +0 giant club (lightly wounded, poison'd, 73% ta hit) Ye throw a poison'd dart.
Tha poison'd dart hits tha ogre.
Tha ogre looks ev'n sicker.
Tha ogre be lightly wounded.
Throw: 3 darts (poison)
Press: ? - help, Q - select action, (/) - cycle Shift-Dir - straight line, f/p - ogre
Aim: an ogre, wieldin' a +0 giant club (lightly wounded, very poison'd, 73% ta hit) Ye throw a poison'd dart.
Tha poison'd dart hits tha ogre.
Tha ogre be lightly wounded.
Throw: 2 darts (poison)
Press: ? - help, Q - select action, (/) - cycle Shift-Dir - straight line, f/p - ogre
Aim: an ogre, wieldin' a +0 giant club (lightly wounded, very poison'd, 73% ta hit) Ye throw a poison'd dart.
Tha poison'd dart hits tha ogre.
Tha ogre be lightly wounded.
Throw: dart (poison)
Press: ? - help, Q - select action, (/) - cycle Shift-Dir - straight line, f/p - ogre
Aim: an ogre, wieldin' a +0 giant club (lightly wounded, very poison'd, 73% ta hit) Ye throw a poison'd dart.
Tha poison'd dart barely misses tha ogre.
Ye barely miss tha ogre.
Tha ogre be moderately wounded.
Tha ogre hits ye wit' a +0 giant club!
Ye take 14 damage, an' haf 27/41 hp.
MASSIVE DAMAGE!!
Ye barely miss tha ogre.
Tha ogre be moderately wounded.
Tha ogre hits ye wit' a +0 giant club!!
Ouch! Tha re'lly hurt!
Ye die...
Yer body crumbles inta a pile o' gold.

..#...............#
#.#.############.##
#.#.#..........#.#
#.#.#.# ###.#.# +.....##
#.....#
#.#.#..#####.#.######
#.#.#).#.....#.# ...
#.#.#....#####.##.######
#.#.#.#.........@O.(((((
#.#.#.#.######.##.######
#.#...... .... ...
#.###.##.# ###.##.###
... .. ... .. .#. #.#
#.# .# .. .. ... .. ###
.#


You could see an ogre (poisoned).

Vanquished Creatures
  A scorpion (D:4)
  A crimson imp (D:3)
  2 adders (D:2)
  An ufetubus (D:4)
  4 worms
  A dart slug (D:3)
  8 ball pythons
  4 bats
  6 endoplasms
  A giant cockroach (D:2)
  6 goblins
  3 hobgoblins
  11 jackals
  2 quokkas (D:2)
  4 frilled lizards
  2 goblin skeletons (D:3)
  A goblin zombie (D:3)
  2 hobgoblin zombies (D:3)
  2 kobolds
  A kobold skeleton (D:3)
  3 kobold zombies (D:3)
  12 rats
78 creatures vanquished.

Vanquished Creatures (others)
  4 fungi (D:2)
  6 plants (D:2)
10 creatures vanquished.

Grand Total: 88 creatures vanquished

Notes
Turn   | Place    | Note
-------+----------+-------------------------------------------
     0 | D:1      | ProzacElf the Demonspawn Fighter began the quest for the
                  | Orb.
     0 | D:1      | Reached XP level 1. HP: 18/18 MP: 1/1
    51 | D:1      | Reached skill level 3 in Armour
    55 | D:1      | Gained mutation: A meltable shield of frost defends you.
                  | (SH +4) [demonic ancestry]
    55 | D:1      | Reached XP level 2. HP: 18/24 MP: 2/2
   561 | D:2      | Found Leidenio's Jewellery Shoppe.
   680 | D:2      | Found Vinojerr's Antique Weapon Shoppe.
   710 | D:2      | Gained mutation: A meltable icy envelope protects you from
                  | harm. (AC +4) [demonic ancestry]
   710 | D:2      | Reached XP level 3. HP: 14/29 MP: 3/3
  1136 | D:2      | Found Zinirchupack's Armour Boutique.
  1238 | D:2      | Found Ciuh's Magic Scroll Boutique.
  1242 | D:2      | Bought a scroll of identify for 20 gold pieces
  1242 | D:2      | Bought a scroll of teleportation for 30 gold pieces
  1242 | D:2      | Bought a scroll of enchant armour for 75 gold pieces
  1313 | D:2      | Found Sunoc's Jewellery Shoppe.
  1467 | D:2      | Gained mutation: You regenerate magic rapidly. [demonic
                  | ancestry]
  1467 | D:2      | Reached XP level 4. HP: 35/35 MP: 4/4
  1523 | D:2      | Found a faded altar of an unknown god.
  1531 | D:2      | Prayed at the altar of an unknown god.
  1531 | D:2      | Became a worshipper of Gozag Ym Sagoz the Greedy
  2021 | D:3      | Reached skill level 4 in Armour
  2138 | D:3      | Found a sparkling altar of Nemelex Xobeh.
  2214 | D:3      | Gained mutation: You are partially covered in large bone
                  | plates. (SH +4) [demonic ancestry]
  2214 | D:3      | Reached XP level 5. HP: 40/41 MP: 5/5
  2296 | D:3      | Found a snail-covered altar of Cheibriados.
  2698 | D:4      | Noticed an ogre
  2705 | D:4      | Slain by an ogre

Illustrated notes

Levels and vault maps discovered:
D:1:      scummos_arrival_forest, layout_basic
D:2:      layout_loops_ring, dreamdust_ecumenical_altar_hidden_monk_grotto,
          serial_shops, shop_coins, nicolae_shop_stone, shop, shop,
          nicolae_shop_waterfront, minmay_puff
D:3:      layout_rooms, nicolae_tso_besieged_by_evil,
          mainiacjoe_overflow_surrounded_room, mainiacjoe_overflow_alcove_4
D:4:      layout_basic, chequers_garden, minmay_crystal_water,
          lemuel_another_geyser

Skill      XL: |  1  2  3  4 |
---------------+-------------+-----
Long Blades    | 2 3 |  3.9
Armour         | 3 4 |  4.4
Fighting       | |  3.0
Shields        | |  2.6

Action                   |  1- 3 |  4- 6 || total
-------------------------+-------+-------++-------
Melee: Long sword        |   148 |    95 ||   243
Throw: Dart              |       |     5 ||     5
 Stab: Distracted        |       |     1 ||     1
Armor: Scale mail        |    79 |       ||    79
       Plate armour      |    13 |    44 ||    57
Dodge: Dodged            |    67 |    26 ||    93
Block: Buckler           |   105 |    33 ||   138
